Workbook

Sheet enter information here
A1: TOP FIVE RECEIPTS
A3: Real Estate Taxes | C3: budget cumulative | E3: actual | F3: actual cumulative | H3: flow | J3: DIRECTIONS….
A4: January | B4: 0 | C4: =B4 -> 0 | E4: 0 | F4: =E4 -> 0 | H4: =F4/C4 -> #DIV/0!
A5: February | B5: 0 | C5: =B5+C4 -> 0 | E5: 0 | F5: =E5+F4 -> 0 | H5: =F5/C5 -> #DIV/0! | J5: 1. ADD RECEIPTS & EXPENDITURES IN THE PURPLE CELLS
A6: March | B6: 0 | C6: =B6+C5 -> 0 | E6: 0 | F6: =E6+F5 -> 0 | H6: =F6/C6 -> #DIV/0! | J6: 2. ADD BUDGETED NUMBERS IN THE YELLOW CELLS
A7: April | B7: 0 | C7: =B7+C6 -> 0 | E7: 0 | F7: =E7+F6 -> 0 | H7: =F7/C7 -> #DIV/0! | J7: 3. ADD ACTUAL NUMBERS IN THE ORANGE CELLS
A8: May | B8: 0 | C8: =B8+C7 -> 0 | E8: 0 | F8: =E8+F7 -> 0 | H8: =F8/C8 -> #DIV/0! | J8: 4. ALL OTHER CELLS & TABS WILL SELF-POPULATE
A9: June | B9: 0 | C9: =B9+C8 -> 0 | E9: 0 | F9: =E9+F8 -> 0 | H9: =F9/C9 -> #DIV/0!
A10: July | B10: 0 | C10: =B10+C9 -> 0 | E10: 0 | F10: =E10+F9 -> 0 | H10: =F10/C10 -> #DIV/0!
A11: August | B11: 0 | C11: =B11+C10 -> 0 | E11: 0 | F11: =E11+F10 -> 0 | H11: =F11/C11 -> #DIV/0!
A12: September | B12: 0 | C12: =B12+C11 -> 0 | E12: 0 | F12: =E12+F11 -> 0 | H12: =F12/C12 -> #DIV/0!
A13: October | B13: 0 | C13: =B13+C12 -> 0 | E13: 0 | F13: =E13+F12 -> 0 | H13: =F13/C13 -> #DIV/0!
A14: November | B14: 0 | C14: =B14+C13 -> 0 | E14: 0 | F14: =E14+F13 -> 0 | H14: =F14/C14 -> #DIV/0!
A15: December | B15: 0 | C15: =B15+C14 -> 0 | E15: 0 | F15: =E15+F14 -> 0 | H15: =F15/C15 -> #DIV/0!
B16: =SUM(B4:B15) -> 0 | E16: =SUM(E4:E15) -> 0
A19: Real Estate Transfer Tax | C19: budget cumulative | E19: actual | F19: actual cumulative | H19: flow
A20: January | B20: 0 | C20: =B20 -> 0 | E20: 0 | F20: =E20 -> 0 | H20: =F20/C20 -> #DIV/0!
A21: February | B21: 0 | C21: =B21+C20 -> 0 | E21: 0 | F21: =E21+F20 -> 0 | H21: =F21/C21 -> #DIV/0!
A22: March | B22: 0 | C22: =B22+C21 -> 0 | E22: 0 | F22: =E22+F21 -> 0 | H22: =F22/C22 -> #DIV/0!
A23: April | B23: 0 | C23: =B23+C22 -> 0 | E23: 0 | F23: =E23+F22 -> 0 | H23: =F23/C23 -> #DIV/0!
A24: May | B24: 0 | C24: =B24+C23 -> 0 | E24: 0 | F24: =E24+F23 -> 0 | H24: =F24/C24 -> #DIV/0!
A25: June | B25: 0 | C25: =B25+C24 -> 0 | E25: 0 | F25: =E25+F24 -> 0 | H25: =F25/C25 -> #DIV/0!
A26: July | B26: 0 | C26: =B26+C25 -> 0 | E26: 0 | F26: =E26+F25 -> 0 | H26: =F26/C26 -> #DIV/0!
A27: August | B27: 0 | C27: =B27+C26 -> 0 | E27: 0 | F27: =E27+F26 -> 0 | H27: =F27/C27 -> #DIV/0!
A28: September | B28: 0 | C28: =B28+C27 -> 0 | E28: 0 | F28: =E28+F27 -> 0 | H28: =F28/C28 -> #DIV/0!
A29: October | B29: 0 | C29: =B29+C28 -> 0 | E29: 0 | F29: =E29+F28 -> 0 | H29: =F29/C29 -> #DIV/0!
A30: November | B30: 0 | C30: =B30+C29 -> 0 | E30: 0 | F30: =E30+F29 -> 0 | H30: =F30/C30 -> #DIV/0!
A31: December | B31: 0 | C31: =B31+C30 -> 0 | E31: 0 | F31: =E31+F30 -> 0 | H31: =F31/C31 -> #DIV/0!
B32: =SUM(B20:B31) -> 0 | E32: =SUM(E20:E31) -> 0
A35: Earned Income Tax | C35: budget cumulative | E35: actual | F35: actual cumulative | H35: flow
A36: January | B36: 0 | C36: =B36 -> 0 | E36: 0 | F36: =E36 -> 0 | H36: =F36/C36 -> #DIV/0!
A37: February | B37: 0 | C37: =B37+C36 -> 0 | E37: 0 | F37: =E37+F36 -> 0 | H37: =F37/C37 -> #DIV/0!
A38: March | B38: 0 | C38: =B38+C37 -> 0 | E38: 0 | F38: =E38+F37 -> 0 | H38: =F38/C38 -> #DIV/0!
A39: April | B39: 0 | C39: =B39+C38 -> 0 | E39: 0 | F39: =E39+F38 -> 0 | H39: =F39/C39 -> #DIV/0!
A40: May | B40: 0 | C40: =B40+C39 -> 0 | E40: 0 | F40: =E40+F39 -> 0 | H40: =F40/C40 -> #DIV/0!
A41: June | B41: 0 | C41: =B41+C40 -> 0 | E41: 0 | F41: =E41+F40 -> 0 | H41: =F41/C41 -> #DIV/0!
A42: July | B42: 0 | C42: =B42+C41 -> 0 | E42: 0 | F42: =E42+F41 -> 0 | H42: =F42/C42 -> #DIV/0!
A43: August | B43: 0 | C43: =B43+C42 -> 0 | E43: 0 | F43: =E43+F42 -> 0 | H43: =F43/C43 -> #DIV/0!
A44: September | B44: 0 | C44: =B44+C43 -> 0 | E44: 0 | F44: =E44+F43 -> 0 | H44: =F44/C44 -> #DIV/0!
A45: October | B45: 0 | C45: =B45+C44 -> 0 | E45: 0 | F45: =E45+F44 -> 0 | H45: =F45/C45 -> #DIV/0!
A46: November | B46: 0 | C46: =B46+C45 -> 0 | E46: 0 | F46: =E46+F45 -> 0 | H46: =F46/C46 -> #DIV/0!
A47: December | B47: 0 | C47: =B47+C46 -> 0 | E47: 0 | F47: =E47+F46 -> 0 | H47: =F47/C47 -> #DIV/0!
B48: =SUM(B36:B47) -> 0 | E48: =SUM(E36:E47) -> 0
A51: Building Permit Fees | C51: budget cumulative | E51: actual | F51: actual cumulative | H51: flow
A52: January | B52: 0 | C52: =B52 -> 0 | E52: 0 | F52: =E52 -> 0 | H52: =F52/C52 -> #DIV/0!
A53: February | B53: 0 | C53: =B53+C52 -> 0 | E53: 0 | F53: =E53+F52 -> 0 | H53: =F53/C53 -> #DIV/0!
A54: March | B54: 0 | C54: =B54+C53 -> 0 | E54: 0 | F54: =E54+F53 -> 0 | H54: =F54/C54 -> #DIV/0!
A55: April | B55: 0 | C55: =B55+C54 -> 0 | E55: 0 | F55: =E55+F54 -> 0 | H55: =F55/C55 -> #DIV/0!
A56: May | B56: 0 | C56: =B56+C55 -> 0 | E56: 0 | F56: =E56+F55 -> 0 | H56: =F56/C56 -> #DIV/0!
A57: June | B57: 0 | C57: =B57+C56 -> 0 | E57: 0 | F57: =E57+F56 -> 0 | H57: =F57/C57 -> #DIV/0!
A58: July | B58: 0 | C58: =B58+C57 -> 0 | E58: 0 | F58: =E58+F57 -> 0 | H58: =F58/C58 -> #DIV/0!
A59: August | B59: 0 | C59: =B59+C58 -> 0 | E59: 0 | F59: =E59+F58 -> 0 | H59: =F59/C59 -> #DIV/0!
A60: September | B60: 0 | C60: =B60+C59 -> 0 | E60: 0 | F60: =E60+F59 -> 0 | H60: =F60/C60 -> #DIV/0!
A61: October | B61: 0 | C61: =B61+C60 -> 0 | E61: 0 | F61: =E61+F60 -> 0 | H61: =F61/C61 -> #DIV/0!
A62: November | B62: 0 | C62: =B62+C61 -> 0 | E62: 0 | F62: =E62+F61 -> 0 | H62: =F62/C62 -> #DIV/0!
A63: December | B63: 0 | C63: =B63+C62 -> 0 | E63: 0 | F63: =E63+F62 -> 0 | H63: =F63/C63 -> #DIV/0!
B64: =SUM(B52:B63) -> 0 | E64: =SUM(E52:E63) -> 0
A67: Franchise Fees | C67: budget cumulative | E67: actual | F67: actual cumulative | H67: flow
A68: January | B68: 0 | C68: =B68 -> 0 | E68: 0 | F68: =E68 -> 0 | H68: =F68/C68 -> #DIV/0!
A69: February | B69: 0 | C69: =B69+C68 -> 0 | E69: 0 | F69: =E69+F68 -> 0 | H69: =F69/C69 -> #DIV/0!
A70: March | B70: 0 | C70: =B70+C69 -> 0 | E70: 0 | F70: =E70+F69 -> 0 | H70: =F70/C70 -> #DIV/0!
A71: April | B71: 0 | C71: =B71+C70 -> 0 | E71: 0 | F71: =E71+F70 -> 0 | H71: =F71/C71 -> #DIV/0!
A72: May | B72: 0 | C72: =B72+C71 -> 0 | E72: 0 | F72: =E72+F71 -> 0 | H72: =F72/C72 -> #DIV/0!
A73: June | B73: 0 | C73: =B73+C72 -> 0 | E73: 0 | F73: =E73+F72 -> 0 | H73: =F73/C73 -> #DIV/0!
A74: July | B74: 0 | C74: =B74+C73 -> 0 | E74: 0 | F74: =E74+F73 -> 0 | H74: =F74/C74 -> #DIV/0!
A75: August | B75: 0 | C75: =B75+C74 -> 0 | E75: 0 | F75: =E75+F74 -> 0 | H75: =F75/C75 -> #DIV/0!
A76: September | B76: 0 | C76: =B76+C75 -> 0 | E76: 0 | F76: =E76+F75 -> 0 | H76: =F76/C76 -> #DIV/0!
A77: October | B77: 0 | C77: =B77+C76 -> 0 | E77: 0 | F77: =E77+F76 -> 0 | H77: =F77/C77 -> #DIV/0!
A78: November | B78: 0 | C78: =B78+C77 -> 0 | E78: 0 | F78: =E78+F77 -> 0 | H78: =F78/C78 -> #DIV/0!
A79: December | B79: 0 | C79: =B79+C78 -> 0 | E79: 0 | F79: =E79+F78 -> 0 | H79: =F79/C79 -> #DIV/0!
B80: =SUM(B68:B79) -> 0 | E80: =SUM(E68:E79) -> 0
A84: TOP FIVE EXPENDITURES
A86: Police Department | C86: budget cumulative | E86: actual | F86: actual cumulative | H86: flow
A87: January | B87: 0 | C87: =B87 -> 0 | E87: 0 | F87: =E87 -> 0 | H87: =F87/C87 -> #DIV/0!
A88: February | B88: 0 | C88: =B88+C87 -> 0 | E88: 0 | F88: =E88+F87 -> 0 | H88: =F88/C88 -> #DIV/0!
A89: March | B89: 0 | C89: =B89+C88 -> 0 | E89: 0 | F89: =E89+F88 -> 0 | H89: =F89/C89 -> #DIV/0!
A90: April | B90: 0 | C90: =B90+C89 -> 0 | E90: 0 | F90: =E90+F89 -> 0 | H90: =F90/C90 -> #DIV/0!
A91: May | B91: 0 | C91: =B91+C90 -> 0 | E91: 0 | F91: 0 | H91: =F91/C91 -> #DIV/0!
A92: June | B92: 0 | C92: =B92+C91 -> 0 | E92: 0 | F92: =E92+F91 -> 0 | H92: =F92/C92 -> #DIV/0!
A93: July | B93: 0 | C93: =B93+C92 -> 0 | E93: 0 | F93: =E93+F92 -> 0 | H93: =F93/C93 -> #DIV/0!
A94: August | B94: 0 | C94: =B94+C93 -> 0 | E94: 0 | F94: =E94+F93 -> 0 | H94: =F94/C94 -> #DIV/0!
A95: September | B95: 0 | C95: =B95+C94 -> 0 | E95: 0 | F95: =E95+F94 -> 0 | H95: =F95/C95 -> #DIV/0!
A96: October | B96: 0 | C96: =B96+C95 -> 0 | E96: 0 | F96: =E96+F95 -> 0 | H96: =F96/C96 -> #DIV/0!
A97: November | B97: 0 | C97: =B97+C96 -> 0 | E97: 0 | F97: =E97+F96 -> 0 | H97: =F97/C97 -> #DIV/0!
A98: December | B98: 0 | C98: =B98+C97 -> 0 | E98: 0 | F98: =E98+F97 -> 0 | H98: =F98/C98 -> #DIV/0!
B99: =SUM(B87:B98) -> 0 | E99: =SUM(E87:E98) -> 0
A102: Public Works Department | C102: budget cumulative | E102: actual | F102: actual cumulative | H102: flow
A103: January | B103: 0 | C103: =B103 -> 0 | E103: 0 | F103: =E103 -> 0 | H103: =F103/C103 -> #DIV/0!
A104: February | B104: 0 | C104: =B104+C103 -> 0 | E104: 0 | F104: =E104+F103 -> 0 | H104: =F104/C104 -> #DIV/0!
A105: March | B105: 0 | C105: =B105+C104 -> 0 | E105: 0 | F105: =E105+F104 -> 0 | H105: =F105/C105 -> #DIV/0!
A106: April | B106: 0 | C106: =B106+C105 -> 0 | E106: 0 | F106: =E106+F105 -> 0 | H106: =F106/C106 -> #DIV/0!
A107: May | B107: 0 | C107: =B107+C106 -> 0 | E107: 0 | F107: =E107+F106 -> 0 | H107: =F107/C107 -> #DIV/0!
A108: June | B108: 0 | C108: =B108+C107 -> 0 | E108: 0 | F108: =E108+F107 -> 0 | H108: =F108/C108 -> #DIV/0!
A109: July | B109: 0 | C109: =B109+C108 -> 0 | E109: 0 | F109: =E109+F108 -> 0 | H109: =F109/C109 -> #DIV/0!
A110: August | B110: 0 | C110: =B110+C109 -> 0 | E110: 0 | F110: =E110+F109 -> 0 | H110: =F110/C110 -> #DIV/0!
A111: September | B111: 0 | C111: =B111+C110 -> 0 | E111: 0 | F111: =E111+F110 -> 0 | H111: =F111/C111 -> #DIV/0!
A112: October | B112: 0 | C112: =B112+C111 -> 0 | E112: 0 | F112: =E112+F111 -> 0 | H112: =F112/C112 -> #DIV/0!
A113: November | B113: 0 | C113: =B113+C112 -> 0 | E113: 0 | F113: =E113+F112 -> 0 | H113: =F113/C113 -> #DIV/0!
A114: December | B114: 0 | C114: =B114+C113 -> 0 | E114: 0 | F114: =E114+F113 -> 0 | H114: =F114/C114 -> #DIV/0!
B115: =SUM(B103:B114) -> 0 | E115: =SUM(E103:E114) -> 0
...

Sheet flow - January
A1: GENERAL FUND CASH FLOW REPORT
A2: through January 31, 2026
C5: budgeted | D5: actual | E5: percent
A7: ='enter information here'!A3 -> Real Estate Taxes | C7: ='enter information here'!C4 -> 0 | D7: ='enter information here'!F4 -> 0 | E7: =D7/C7 -> #DIV/0!
A9: ='enter information here'!A19 -> Real Estate Transfer Tax | C9: ='enter information here'!C20 -> 0 | D9: ='enter information here'!F20 -> 0 | E9: =D9/C9 -> #DIV/0!
A11: ='enter information here'!A35 -> Earned Income Tax | C11: ='enter information here'!C36 -> 0 | D11: ='enter information here'!F36 -> 0 | E11: =D11/C11 -> #DIV/0!
A13: ='enter information here'!A51 -> Building Permit Fees | C13: ='enter information here'!C52 -> 0 | D13: ='enter information here'!F52 -> 0 | E13: =D13/C13 -> #DIV/0!
A15: ='enter information here'!A67 -> Franchise Fees | C15: ='enter information here'!C68 -> 0 | D15: ='enter information here'!F68 -> 0 | E15: =D15/C15 -> #DIV/0!
C17: =SUM(C7:C15) -> 0 | D17: =SUM(D7:D15) -> 0 | E17: =D17/C17 -> #DIV/0!
C22: budgeted | D22: actual | E22: percent
A24: ='enter information here'!A86 -> Police Department | C24: ='enter information here'!C87 -> 0 | D24: ='enter information here'!F87 -> 0 | E24: =D24/C24 -> #DIV/0!
A26: ='enter information here'!A102 -> Public Works Department | C26: ='enter information here'!C103 -> 0 | D26: ='enter information here'!F103 -> 0 | E26: =D26/C26 -> #DIV/0!
A28: ='enter information here'!A118 -> Fire & Ambulance | C28: ='enter information here'!C119 -> 0 | D28: ='enter information here'!F119 -> 0 | E28: =D28/C28 -> #DIV/0!
A30: ='enter information here'!A134 -> Management & Finance | C30: ='enter information here'!C135 -> 0 | D30: ='enter information here'!F135 -> 0 | E30: =D30/C30 -> #DIV/0!
A32: ='enter information here'!A150 -> Insurances (non-medical) | C32: ='enter information here'!C151 -> 0 | D32: ='enter information here'!F151 -> 0 | E32: =D32/C32 -> #DIV/0!
C34: =SUM(C24:C32) -> 0 | D34: =SUM(D24:D32) -> 0 | E34: =D34/C34 -> #DIV/0!

Sheet flow - February
A1: GENERAL FUND CASH FLOW REPORT
A2: through February 28, 2026
C5: budgeted | D5: actual | E5: percent
A7: ='enter information here'!A3 -> Real Estate Taxes | C7: ='enter information here'!C5 -> 0 | D7: ='enter information here'!F5 -> 0 | E7: =D7/C7 -> #DIV/0!
A9: ='enter information here'!A19 -> Real Estate Transfer Tax | C9: ='enter information here'!C21 -> 0 | D9: ='enter information here'!F21 -> 0 | E9: =D9/C9 -> #DIV/0!
A11: ='enter information here'!A35 -> Earned Income Tax | C11: ='enter information here'!C37 -> 0 | D11: ='enter information here'!F37 -> 0 | E11: =D11/C11 -> #DIV/0!
A13: ='enter information here'!A51 -> Building Permit Fees | C13: ='enter information here'!C53 -> 0 | D13: ='enter information here'!F53 -> 0 | E13: =D13/C13 -> #DIV/0!
A15: ='enter information here'!A67 -> Franchise Fees | C15: ='enter information here'!C69 -> 0 | D15: ='enter information here'!F69 -> 0 | E15: =D15/C15 -> #DIV/0!
C17: =SUM(C7:C15) -> 0 | D17: =SUM(D7:D15) -> 0 | E17: =D17/C17 -> #DIV/0!
C22: budgeted | D22: actual | E22: percent
A24: ='enter information here'!A86 -> Police Department | C24: ='enter information here'!C88 -> 0 | D24: ='enter information here'!F88 -> 0 | E24: =D24/C24 -> #DIV/0!
A26: ='enter information here'!A102 -> Public Works Department | C26: ='enter information here'!C104 -> 0 | D26: ='enter information here'!F104 -> 0 | E26: =D26/C26 -> #DIV/0!
A28: ='enter information here'!A118 -> Fire & Ambulance | C28: ='enter information here'!C120 -> 0 | D28: ='enter information here'!F120 -> 0 | E28: =D28/C28 -> #DIV/0!
A30: ='enter information here'!A134 -> Management & Finance | C30: ='enter information here'!C136 -> 0 | D30: ='enter information here'!F136 -> 0 | E30: =D30/C30 -> #DIV/0!
A32: ='enter information here'!A150 -> Insurances (non-medical) | C32: ='enter information here'!C152 -> 0 | D32: ='enter information here'!F152 -> 0 | E32: =D32/C32 -> #DIV/0!
C34: =SUM(C24:C32) -> 0 | D34: =SUM(D24:D32) -> 0 | E34: =D34/C34 -> #DIV/0!

Sheet flow - March
A1: GENERAL FUND CASH FLOW REPORT
A2: through March 31, 2026
C5: budgeted | D5: actual | E5: percent
A7: ='enter information here'!A3 -> Real Estate Taxes | C7: ='enter information here'!C6 -> 0 | D7: ='enter information here'!F6 -> 0 | E7: =D7/C7 -> #DIV/0!
A9: ='enter information here'!A19 -> Real Estate Transfer Tax | C9: ='enter information here'!C22 -> 0 | D9: ='enter information here'!F22 -> 0 | E9: =D9/C9 -> #DIV/0!
A11: ='enter information here'!A35 -> Earned Income Tax | C11: ='enter information here'!C38 -> 0 | D11: ='enter information here'!F38 -> 0 | E11: =D11/C11 -> #DIV/0!
A13: ='enter information here'!A51 -> Building Permit Fees | C13: ='enter information here'!C54 -> 0 | D13: ='enter information here'!F54 -> 0 | E13: =D13/C13 -> #DIV/0!
A15: ='enter information here'!A67 -> Franchise Fees | C15: ='enter information here'!C70 -> 0 | D15: ='enter information here'!F70 -> 0 | E15: =D15/C15 -> #DIV/0!
C17: =SUM(C7:C15) -> 0 | D17: =SUM(D7:D15) -> 0 | E17: =D17/C17 -> #DIV/0!
C22: budgeted | D22: actual | E22: percent
A24: ='enter information here'!A86 -> Police Department | C24: ='enter information here'!C89 -> 0 | D24: ='enter information here'!F89 -> 0 | E24: =D24/C24 -> #DIV/0!
A26: ='enter information here'!A102 -> Public Works Department | C26: ='enter information here'!C105 -> 0 | D26: ='enter information here'!F105 -> 0 | E26: =D26/C26 -> #DIV/0!
A28: ='enter information here'!A118 -> Fire & Ambulance | C28: ='enter information here'!C121 -> 0 | D28: ='enter information here'!F121 -> 0 | E28: =D28/C28 -> #DIV/0!
A30: ='enter information here'!A134 -> Management & Finance | C30: ='enter information here'!C137 -> 0 | D30: ='enter information here'!F137 -> 0 | E30: =D30/C30 -> #DIV/0!
A32: ='enter information here'!A150 -> Insurances (non-medical) | C32: ='enter information here'!C153 -> 0 | D32: ='enter information here'!F153 -> 0 | E32: =D32/C32 -> #DIV/0!
C34: =SUM(C24:C32) -> 0 | D34: =SUM(D24:D32) -> 0 | E34: =D34/C34 -> #DIV/0!

Sheet flow - April
A1: GENERAL FUND CASH FLOW REPORT
A2: through April 30, 2026
C5: budgeted | D5: actual | E5: percent
A7: ='enter information here'!A3 -> Real Estate Taxes | C7: ='enter information here'!C7 -> 0 | D7: ='enter information here'!F7 -> 0 | E7: =D7/C7 -> #DIV/0!
A9: ='enter information here'!A19 -> Real Estate Transfer Tax | C9: ='enter information here'!C23 -> 0 | D9: ='enter information here'!F23 -> 0 | E9: =D9/C9 -> #DIV/0!
A11: ='enter information here'!A35 -> Earned Income Tax | C11: ='enter information here'!C39 -> 0 | D11: ='enter information here'!F39 -> 0 | E11: =D11/C11 -> #DIV/0!
A13: ='enter information here'!A51 -> Building Permit Fees | C13: ='enter information here'!C55 -> 0 | D13: ='enter information here'!F55 -> 0 | E13: =D13/C13 -> #DIV/0!
A15: ='enter information here'!A67 -> Franchise Fees | C15: ='enter information here'!C71 -> 0 | D15: ='enter information here'!F71 -> 0 | E15: =D15/C15 -> #DIV/0!
C17: =SUM(C7:C15) -> 0 | D17: =SUM(D7:D15) -> 0 | E17: =D17/C17 -> #DIV/0!
C22: budgeted | D22: actual | E22: percent
A24: ='enter information here'!A86 -> Police Department | C24: ='enter information here'!C90 -> 0 | D24: ='enter information here'!F90 -> 0 | E24: =D24/C24 -> #DIV/0!
A26: ='enter information here'!A102 -> Public Works Department | C26: ='enter information here'!C106 -> 0 | D26: ='enter information here'!F106 -> 0 | E26: =D26/C26 -> #DIV/0!
A28: ='enter information here'!A118 -> Fire & Ambulance | C28: ='enter information here'!C122 -> 0 | D28: ='enter information here'!F122 -> 0 | E28: =D28/C28 -> #DIV/0!
A30: ='enter information here'!A134 -> Management & Finance | C30: ='enter information here'!C138 -> 0 | D30: ='enter information here'!F138 -> 0 | E30: =D30/C30 -> #DIV/0!
A32: ='enter information here'!A150 -> Insurances (non-medical) | C32: ='enter information here'!C154 -> 0 | D32: ='enter information here'!F154 -> 0 | E32: =D32/C32 -> #DIV/0!
C34: =SUM(C24:C32) -> 0 | D34: =SUM(D24:D32) -> 0 | E34: =D34/C34 -> #DIV/0!

Sheet flow - May
A1: GENERAL FUND CASH FLOW REPORT
A2: through May 31, 2026
C5: budgeted | D5: actual | E5: percent
A7: ='enter information here'!A3 -> Real Estate Taxes | C7: ='enter information here'!C8 -> 0 | D7: ='enter information here'!F8 -> 0 | E7: =D7/C7 -> #DIV/0!
A9: ='enter information here'!A19 -> Real Estate Transfer Tax | C9: ='enter information here'!C24 -> 0 | D9: ='enter information here'!F24 -> 0 | E9: =D9/C9 -> #DIV/0!
A11: ='enter information here'!A35 -> Earned Income Tax | C11: ='enter information here'!C40 -> 0 | D11: ='enter information here'!F40 -> 0 | E11: =D11/C11 -> #DIV/0!
A13: ='enter information here'!A51 -> Building Permit Fees | C13: ='enter information here'!C56 -> 0 | D13: ='enter information here'!F56 -> 0 | E13: =D13/C13 -> #DIV/0!
A15: ='enter information here'!A67 -> Franchise Fees | C15: ='enter information here'!C72 -> 0 | D15: ='enter information here'!F72 -> 0 | E15: =D15/C15 -> #DIV/0!
C17: =SUM(C7:C15) -> 0 | D17: =SUM(D7:D15) -> 0 | E17: =D17/C17 -> #DIV/0!
C22: budgeted | D22: actual | E22: percent
A24: ='enter information here'!A86 -> Police Department | C24: ='enter information here'!C91 -> 0 | D24: ='enter information here'!F91 -> 0 | E24: =D24/C24 -> #DIV/0!
A26: ='enter information here'!A102 -> Public Works Department | C26: ='enter information here'!C107 -> 0 | D26: ='enter information here'!F107 -> 0 | E26: =D26/C26 -> #DIV/0!
A28: ='enter information here'!A118 -> Fire & Ambulance | C28: ='enter information here'!C123 -> 0 | D28: ='enter information here'!F123 -> 0 | E28: =D28/C28 -> #DIV/0!
A30: ='enter information here'!A134 -> Management & Finance | C30: ='enter information here'!C139 -> 0 | D30: ='enter information here'!F139 -> 0 | E30: =D30/C30 -> #DIV/0!
A32: ='enter information here'!A150 -> Insurances (non-medical) | C32: ='enter information here'!C155 -> 0 | D32: ='enter information here'!F155 -> 0 | E32: =D32/C32 -> #DIV/0!
C34: =SUM(C24:C32) -> 0 | D34: =SUM(D24:D32) -> 0 | E34: =D34/C34 -> #DIV/0!

Sheet flow - June
A1: GENERAL FUND CASH FLOW REPORT
A2: through June 30, 2026
C5: budgeted | D5: actual | E5: percent
A7: ='enter information here'!A3 -> Real Estate Taxes | C7: ='enter information here'!C9 -> 0 | D7: ='enter information here'!F9 -> 0 | E7: =D7/C7 -> #DIV/0!
A9: ='enter information here'!A19 -> Real Estate Transfer Tax | C9: ='enter information here'!C25 -> 0 | D9: ='enter information here'!F25 -> 0 | E9: =D9/C9 -> #DIV/0!
A11: ='enter information here'!A35 -> Earned Income Tax | C11: ='enter information here'!C41 -> 0 | D11: ='enter information here'!F41 -> 0 | E11: =D11/C11 -> #DIV/0!
A13: ='enter information here'!A51 -> Building Permit Fees | C13: ='enter information here'!C57 -> 0 | D13: ='enter information here'!F57 -> 0 | E13: =D13/C13 -> #DIV/0!
A15: ='enter information here'!A67 -> Franchise Fees | C15: ='enter information here'!C73 -> 0 | D15: ='enter information here'!F73 -> 0 | E15: =D15/C15 -> #DIV/0!
C17: =SUM(C7:C15) -> 0 | D17: =SUM(D7:D15) -> 0 | E17: =D17/C17 -> #DIV/0!
C22: budgeted | D22: actual | E22: percent
A24: ='enter information here'!A86 -> Police Department | C24: ='enter information here'!C92 -> 0 | D24: ='enter information here'!F92 -> 0 | E24: =D24/C24 -> #DIV/0!
A26: ='enter information here'!A102 -> Public Works Department | C26: ='enter information here'!C108 -> 0 | D26: ='enter information here'!F108 -> 0 | E26: =D26/C26 -> #DIV/0!
A28: ='enter information here'!A118 -> Fire & Ambulance | C28: ='enter information here'!C124 -> 0 | D28: ='enter information here'!F124 -> 0 | E28: =D28/C28 -> #DIV/0!
A30: ='enter information here'!A134 -> Management & Finance | C30: ='enter information here'!C140 -> 0 | D30: ='enter information here'!F140 -> 0 | E30: =D30/C30 -> #DIV/0!
A32: ='enter information here'!A150 -> Insurances (non-medical) | C32: ='enter information here'!C156 -> 0 | D32: ='enter information here'!F156 -> 0 | E32: =D32/C32 -> #DIV/0!
C34: =SUM(C24:C32) -> 0 | D34: =SUM(D24:D32) -> 0 | E34: =D34/C34 -> #DIV/0!

Sheet flow - July
A1: GENERAL FUND CASH FLOW REPORT
A2: through July 31, 2026
C5: budgeted | D5: actual | E5: percent
A7: ='enter information here'!A3 -> Real Estate Taxes | C7: ='enter information here'!C10 -> 0 | D7: ='enter information here'!F10 -> 0 | E7: =D7/C7 -> #DIV/0!
A9: ='enter information here'!A19 -> Real Estate Transfer Tax | C9: ='enter information here'!C26 -> 0 | D9: ='enter information here'!F26 -> 0 | E9: =D9/C9 -> #DIV/0!
A11: ='enter information here'!A35 -> Earned Income Tax | C11: ='enter information here'!C42 -> 0 | D11: ='enter information here'!F42 -> 0 | E11: =D11/C11 -> #DIV/0!
A13: ='enter information here'!A51 -> Building Permit Fees | C13: ='enter information here'!C58 -> 0 | D13: ='enter information here'!F58 -> 0 | E13: =D13/C13 -> #DIV/0!
A15: ='enter information here'!A67 -> Franchise Fees | C15: ='enter information here'!C74 -> 0 | D15: ='enter information here'!F74 -> 0 | E15: =D15/C15 -> #DIV/0!
C17: =SUM(C7:C15) -> 0 | D17: =SUM(D7:D15) -> 0 | E17: =D17/C17 -> #DIV/0!
C22: budgeted | D22: actual | E22: percent
A24: ='enter information here'!A86 -> Police Department | C24: ='enter information here'!C93 -> 0 | D24: ='enter information here'!F93 -> 0 | E24: =D24/C24 -> #DIV/0!
A26: ='enter information here'!A102 -> Public Works Department | C26: ='enter information here'!C109 -> 0 | D26: ='enter information here'!F109 -> 0 | E26: =D26/C26 -> #DIV/0!
A28: ='enter information here'!A118 -> Fire & Ambulance | C28: ='enter information here'!C125 -> 0 | D28: ='enter information here'!F125 -> 0 | E28: =D28/C28 -> #DIV/0!
A30: ='enter information here'!A134 -> Management & Finance | C30: ='enter information here'!C141 -> 0 | D30: ='enter information here'!F141 -> 0 | E30: =D30/C30 -> #DIV/0!
A32: ='enter information here'!A150 -> Insurances (non-medical) | C32: ='enter information here'!C157 -> 0 | D32: ='enter information here'!F157 -> 0 | E32: =D32/C32 -> #DIV/0!
C34: =SUM(C24:C32) -> 0 | D34: =SUM(D24:D32) -> 0 | E34: =D34/C34 -> #DIV/0!

Sheet flow - August
A1: GENERAL FUND CASH FLOW REPORT
A2: through August 31, 2026
C5: budgeted | D5: actual | E5: percent
A7: ='enter information here'!A3 -> Real Estate Taxes | C7: ='enter information here'!C11 -> 0 | D7: ='enter information here'!F11 -> 0 | E7: =D7/C7 -> #DIV/0!
A9: ='enter information here'!A19 -> Real Estate Transfer Tax | C9: ='enter information here'!C27 -> 0 | D9: ='enter information here'!F27 -> 0 | E9: =D9/C9 -> #DIV/0!
A11: ='enter information here'!A35 -> Earned Income Tax | C11: ='enter information here'!C43 -> 0 | D11: ='enter information here'!F43 -> 0 | E11: =D11/C11 -> #DIV/0!
A13: ='enter information here'!A51 -> Building Permit Fees | C13: ='enter information here'!C59 -> 0 | D13: ='enter information here'!F59 -> 0 | E13: =D13/C13 -> #DIV/0!
A15: ='enter information here'!A67 -> Franchise Fees | C15: ='enter information here'!C75 -> 0 | D15: ='enter information here'!F75 -> 0 | E15: =D15/C15 -> #DIV/0!
C17: =SUM(C7:C15) -> 0 | D17: =SUM(D7:D15) -> 0 | E17: =D17/C17 -> #DIV/0!
C22: budgeted | D22: actual | E22: percent
A24: ='enter information here'!A86 -> Police Department | C24: ='enter information here'!C94 -> 0 | D24: ='enter information here'!F94 -> 0 | E24: =D24/C24 -> #DIV/0!
A26: ='enter information here'!A102 -> Public Works Department | C26: ='enter information here'!C110 -> 0 | D26: ='enter information here'!F110 -> 0 | E26: =D26/C26 -> #DIV/0!
A28: ='enter information here'!A118 -> Fire & Ambulance | C28: ='enter information here'!C126 -> 0 | D28: ='enter information here'!F126 -> 0 | E28: =D28/C28 -> #DIV/0!
A30: ='enter information here'!A134 -> Management & Finance | C30: ='enter information here'!C142 -> 0 | D30: ='enter information here'!F142 -> 0 | E30: =D30/C30 -> #DIV/0!
A32: ='enter information here'!A150 -> Insurances (non-medical) | C32: ='enter information here'!C158 -> 0 | D32: ='enter information here'!F158 -> 0 | E32: =D32/C32 -> #DIV/0!
C34: =SUM(C24:C32) -> 0 | D34: =SUM(D24:D32) -> 0 | E34: =D34/C34 -> #DIV/0!

Sheet flow - September
A1: GENERAL FUND CASH FLOW REPORT
A2: through September 30, 2026
C5: budgeted | D5: actual | E5: percent
A7: ='enter information here'!A3 -> Real Estate Taxes | C7: ='enter information here'!C12 -> 0 | D7: ='enter information here'!F12 -> 0 | E7: =D7/C7 -> #DIV/0!
A9: ='enter information here'!A19 -> Real Estate Transfer Tax | C9: ='enter information here'!C28 -> 0 | D9: ='enter information here'!F28 -> 0 | E9: =D9/C9 -> #DIV/0!
A11: ='enter information here'!A35 -> Earned Income Tax | C11: ='enter information here'!C44 -> 0 | D11: ='enter information here'!F44 -> 0 | E11: =D11/C11 -> #DIV/0!
A13: ='enter information here'!A51 -> Building Permit Fees | C13: ='enter information here'!C60 -> 0 | D13: ='enter information here'!F60 -> 0 | E13: =D13/C13 -> #DIV/0!
A15: ='enter information here'!A67 -> Franchise Fees | C15: ='enter information here'!C76 -> 0 | D15: ='enter information here'!F76 -> 0 | E15: =D15/C15 -> #DIV/0!
C17: =SUM(C7:C15) -> 0 | D17: =SUM(D7:D15) -> 0 | E17: =D17/C17 -> #DIV/0!
C22: budgeted | D22: actual | E22: percent
A24: ='enter information here'!A86 -> Police Department | C24: ='enter information here'!C95 -> 0 | D24: ='enter information here'!F95 -> 0 | E24: =D24/C24 -> #DIV/0!
A26: ='enter information here'!A102 -> Public Works Department | C26: ='enter information here'!C111 -> 0 | D26: ='enter information here'!F111 -> 0 | E26: =D26/C26 -> #DIV/0!
A28: ='enter information here'!A118 -> Fire & Ambulance | C28: ='enter information here'!C127 -> 0 | D28: ='enter information here'!F127 -> 0 | E28: =D28/C28 -> #DIV/0!
A30: ='enter information here'!A134 -> Management & Finance | C30: ='enter information here'!C143 -> 0 | D30: ='enter information here'!F143 -> 0 | E30: =D30/C30 -> #DIV/0!
A32: ='enter information here'!A150 -> Insurances (non-medical) | C32: ='enter information here'!C159 -> 0 | D32: ='enter information here'!F159 -> 0 | E32: =D32/C32 -> #DIV/0!
C34: =SUM(C24:C32) -> 0 | D34: =SUM(D24:D32) -> 0 | E34: =D34/C34 -> #DIV/0!

Sheet flow - October
A1: GENERAL FUND CASH FLOW REPORT
A2: through October 31, 2026
C5: budgeted | D5: actual | E5: percent
A7: ='enter information here'!A3 -> Real Estate Taxes | C7: ='enter information here'!C13 -> 0 | D7: ='enter information here'!F13 -> 0 | E7: =D7/C7 -> #DIV/0!
A9: ='enter information here'!A19 -> Real Estate Transfer Tax | C9: ='enter information here'!C29 -> 0 | D9: ='enter information here'!F29 -> 0 | E9: =D9/C9 -> #DIV/0!
A11: ='enter information here'!A35 -> Earned Income Tax | C11: ='enter information here'!C45 -> 0 | D11: ='enter information here'!F45 -> 0 | E11: =D11/C11 -> #DIV/0!
A13: ='enter information here'!A51 -> Building Permit Fees | C13: ='enter information here'!C61 -> 0 | D13: ='enter information here'!F61 -> 0 | E13: =D13/C13 -> #DIV/0!
A15: ='enter information here'!A67 -> Franchise Fees | C15: ='enter information here'!C77 -> 0 | D15: ='enter information here'!F77 -> 0 | E15: =D15/C15 -> #DIV/0!
C17: =SUM(C7:C15) -> 0 | D17: =SUM(D7:D15) -> 0 | E17: =D17/C17 -> #DIV/0!
C22: budgeted | D22: actual | E22: percent
A24: ='enter information here'!A86 -> Police Department | C24: ='enter information here'!C96 -> 0 | D24: ='enter information here'!F96 -> 0 | E24: =D24/C24 -> #DIV/0!
A26: ='enter information here'!A102 -> Public Works Department | C26: ='enter information here'!C112 -> 0 | D26: ='enter information here'!F112 -> 0 | E26: =D26/C26 -> #DIV/0!
A28: ='enter information here'!A118 -> Fire & Ambulance | C28: ='enter information here'!C128 -> 0 | D28: ='enter information here'!F128 -> 0 | E28: =D28/C28 -> #DIV/0!
A30: ='enter information here'!A134 -> Management & Finance | C30: ='enter information here'!C144 -> 0 | D30: ='enter information here'!F144 -> 0 | E30: =D30/C30 -> #DIV/0!
A32: ='enter information here'!A150 -> Insurances (non-medical) | C32: ='enter information here'!C160 -> 0 | D32: ='enter information here'!F160 -> 0 | E32: =D32/C32 -> #DIV/0!
C34: =SUM(C24:C32) -> 0 | D34: =SUM(D24:D32) -> 0 | E34: =D34/C34 -> #DIV/0!

Sheet flow - November
A1: GENERAL FUND CASH FLOW REPORT
A2: through November 30, 2026
C5: budgeted | D5: actual | E5: percent
A7: ='enter information here'!A3 -> Real Estate Taxes | C7: ='enter information here'!C14 -> 0 | D7: ='enter information here'!F14 -> 0 | E7: =D7/C7 -> #DIV/0!
A9: ='enter information here'!A19 -> Real Estate Transfer Tax | C9: ='enter information here'!C30 -> 0 | D9: ='enter information here'!F30 -> 0 | E9: =D9/C9 -> #DIV/0!
A11: ='enter information here'!A35 -> Earned Income Tax | C11: ='enter information here'!C46 -> 0 | D11: ='enter information here'!F46 -> 0 | E11: =D11/C11 -> #DIV/0!
A13: ='enter information here'!A51 -> Building Permit Fees | C13: ='enter information here'!C62 -> 0 | D13: ='enter information here'!F62 -> 0 | E13: =D13/C13 -> #DIV/0!
A15: ='enter information here'!A67 -> Franchise Fees | C15: ='enter information here'!C78 -> 0 | D15: ='enter information here'!F78 -> 0 | E15: =D15/C15 -> #DIV/0!
C17: =SUM(C7:C15) -> 0 | D17: =SUM(D7:D15) -> 0 | E17: =D17/C17 -> #DIV/0!
C22: budgeted | D22: actual | E22: percent
A24: ='enter information here'!A86 -> Police Department | C24: ='enter information here'!C97 -> 0 | D24: ='enter information here'!F97 -> 0 | E24: =D24/C24 -> #DIV/0!
A26: ='enter information here'!A102 -> Public Works Department | C26: ='enter information here'!C113 -> 0 | D26: ='enter information here'!F113 -> 0 | E26: =D26/C26 -> #DIV/0!
A28: ='enter information here'!A118 -> Fire & Ambulance | C28: ='enter information here'!C129 -> 0 | D28: ='enter information here'!F129 -> 0 | E28: =D28/C28 -> #DIV/0!
A30: ='enter information here'!A134 -> Management & Finance | C30: ='enter information here'!C145 -> 0 | D30: ='enter information here'!F145 -> 0 | E30: =D30/C30 -> #DIV/0!
A32: ='enter information here'!A150 -> Insurances (non-medical) | C32: ='enter information here'!C161 -> 0 | D32: ='enter information here'!F161 -> 0 | E32: =D32/C32 -> #DIV/0!
C34: =SUM(C24:C32) -> 0 | D34: =SUM(D24:D32) -> 0 | E34: =D34/C34 -> #DIV/0!

Sheet flow - December
A1: GENERAL FUND CASH FLOW REPORT
A2: through December 31, 2026
C5: budgeted | D5: actual | E5: percent
A7: ='enter information here'!A3 -> Real Estate Taxes | C7: ='enter information here'!C15 -> 0 | D7: ='enter information here'!F15 -> 0 | E7: =D7/C7 -> #DIV/0!
A9: ='enter information here'!A19 -> Real Estate Transfer Tax | C9: ='enter information here'!C31 -> 0 | D9: ='enter information here'!F31 -> 0 | E9: =D9/C9 -> #DIV/0!
A11: ='enter information here'!A35 -> Earned Income Tax | C11: ='enter information here'!C47 -> 0 | D11: ='enter information here'!F47 -> 0 | E11: =D11/C11 -> #DIV/0!
A13: ='enter information here'!A51 -> Building Permit Fees | C13: ='enter information here'!C63 -> 0 | D13: ='enter information here'!F63 -> 0 | E13: =D13/C13 -> #DIV/0!
A15: ='enter information here'!A67 -> Franchise Fees | C15: ='enter information here'!C79 -> 0 | D15: ='enter information here'!F79 -> 0 | E15: =D15/C15 -> #DIV/0!
C17: =SUM(C7:C15) -> 0 | D17: =SUM(D7:D15) -> 0 | E17: =D17/C17 -> #DIV/0!
C22: budgeted | D22: actual | E22: percent
A24: ='enter information here'!A86 -> Police Department | C24: ='enter information here'!C98 -> 0 | D24: ='enter information here'!F98 -> 0 | E24: =D24/C24 -> #DIV/0!
A26: ='enter information here'!A102 -> Public Works Department | C26: ='enter information here'!C114 -> 0 | D26: ='enter information here'!F114 -> 0 | E26: =D26/C26 -> #DIV/0!
A28: ='enter information here'!A118 -> Fire & Ambulance | C28: ='enter information here'!C130 -> 0 | D28: ='enter information here'!F130 -> 0 | E28: =D28/C28 -> #DIV/0!
A30: ='enter information here'!A134 -> Management & Finance | C30: ='enter information here'!C146 -> 0 | D30: ='enter information here'!F146 -> 0 | E30: =D30/C30 -> #DIV/0!
A32: ='enter information here'!A150 -> Insurances (non-medical) | C32: ='enter information here'!C162 -> 0 | D32: ='enter information here'!F162 -> 0 | E32: =D32/C32 -> #DIV/0!
C34: =SUM(C24:C32) -> 0 | D34: =SUM(D24:D32) -> 0 | E34: =D34/C34 -> #DIV/0!
